General information
- name: BNet
- type: Ladder 1vs1/FFA
- host: Battle.net
- saver: Slipknot
map: MeltingValley
- players: 2
- length: 21:03
- speed: Fast
- version: 1.23 W3XP
- replay type: Public
» download(65 KB)
Players
team 1 (winner)

»
test7557 (
orange | 54 APM | 1136 actions | 21:03)
5 Death Knight
3 Death Coil
2 Unholy Aura
4 Lich
2 Frost Nova
2 Frost Armor
3 Crypt Lord
2 Impale
1 Spiked Carapace
» actions
| Assign group hotkey | 83 | |
| Basic commands | 98 | |
| Build / train | 73 | |
| Enter build submenu | 20 | |
| Enter hero's abilities submenu | 12 | |
| Give item / drop item | 7 | |
| Remove unit from queue | 2 | |
| Right click | 319 | |
| Select / deselect | 301 | |
| Select group hotkey | 121 | |
| Use ability | 100 | |
1136 total
» units
| Acolyte | 7 | |
| Ghoul | 5 | |
| Crypt Fiend | 8 | |
| Forest Troll Shadow Priest | 1 | |
| Obsidian Statue | 6 | |
| Goblin Sapper | 2 | |
| Frost Wyrm | 1 | |
30 total
» upgrades
| Creature Attack | 3 | |
| Destroyer Form | 1 | |
| Creature Carapace | 1 | |
5 total
» buildings
| Crypt | 1 | |
| Ziggurat | 9 | |
| Altar of Darkness | 1 | |
| Graveyard | 1 | |
| Tomb of Relics | 1 | |
| Halls of the Dead | 1 | |
| Slaughterhouse | 1 | |
| Black Citadel | 1 | |
| Sacrificial Pit | 1 | |
| Boneyard | 2 | |
| Spirit Tower | 2 | |
| Necropolis | 1 | |
22 total
» build order
00:05 Crypt
00:08 Ziggurat
00:24 Altar of Darkness
01:17 Graveyard
01:27 Tomb of Relics
01:56 Ziggurat
04:04 Halls of the Dead
04:17 Ziggurat
05:26 Ziggurat
06:58 Slaughterhouse
07:11 Black Citadel
10:50 Ziggurat
10:54 Sacrificial Pit
12:31 Ziggurat
12:56 Ziggurat
16:47 Boneyard
18:46 Spirit Tower
18:49 Necropolis
18:53 Ziggurat
19:02 Boneyard
20:01 Spirit Tower
20:02 Ziggurat
» items
| Rod of Necromancy | 1 | |
| Potion of Healing | 3 | |
| Potion of Lesser Invulnerability | 4 | |
| Scroll of Town Portal | 1 | |
| Orb of Corruption | 1 | |
| Scroll of Healing | 4 | |
| Scroll of Protection | 1 | |
15 total
team 2 (loser)
Slipknot (
blue | 68 APM | 1432 actions | 21:03)
4 Goblin Alchemist
2 Acid Bomb
2 Chemical Rage
4 Pandaren Brewmaster
2 Breath of Fire
2 Drunken Haze
» actions
| Assign group hotkey | 50 | |
| Basic commands | 143 | |
| Build / train | 64 | |
| ESC pressed | 7 | |
| Enter build submenu | 20 | |
| Enter hero's abilities submenu | 8 | |
| Give item / drop item | 3 | |
| Right click | 484 | |
| Select / deselect | 347 | |
| Select group hotkey | 169 | |
| Use ability | 137 | |
1432 total
» units
| Wisp | 25 | |
| Archer | 5 | |
| Dryad | 4 | |
| Druid of the Claw | 5 | |
| Ogre Mauler | 1 | |
40 total
» upgrades
| Abolish Magic | 1 | |
| Druid of the Claw Training | 2 | |
| Strength of the Wild | 1 | |
4 total
» buildings
| Moon Well | 6 | |
| Altar of Elders | 1 | |
| Ancient of War | 1 | |
| Tree of Ages | 1 | |
| Hunter's Hall | 1 | |
| Ancient of Wonders | 1 | |
| Ancient of Lore | 2 | |
| Tree of Life | 2 | |
| Tree of Eternity | 1 | |
| Ancient Protector | 3 | |
19 total
» build order
00:13 Moon Well
00:20 Altar of Elders
00:53 Ancient of War
01:43 Moon Well
02:11 Moon Well
02:53 Tree of Ages
03:57 Hunter's Hall
04:16 Ancient of Wonders
05:20 Ancient of Lore
05:25 Ancient of Lore
05:28 Moon Well
07:46 Tree of Life
08:01 Tree of Eternity
13:05 Moon Well
13:26 Ancient Protector
13:27 Ancient Protector
13:31 Ancient Protector
16:50 Moon Well
16:53 Tree of Life
» items
| Lesser Clarity Potion | 1 | |
| Potion of Healing | 3 | |
| Scroll of Town Portal | 2 | |
| Potion of Lesser Invulnerability | 1 | |
| Orb of Venom | 1 | |
8 total
Chat log
(12:30 / All) Slipknot: such a lil bitch fagdead
(12:35 / All) Slipknot: only knows how to focus heroes
(12:36 / All) Slipknot: heh
(12:55 / All) Slipknot: dont worry im suciiding u
(12:56 / All) Slipknot: afk
(14:58 / All) Slipknot: cmon pussy
(15:02 / All) Slipknot: or u gotta wait for 80 food to win
(15:04 / All) Slipknot: cuz you suck shit
(18:25 / All) Slipknot: such a lil bitch lmao
(18:29 / All) Slipknot: have to mass food to win
(21:01 / All) Slipknot: no skill